 Dungeon Crawl Stone Soup version 0.20.1-1-g8b1a95d (webtiles) character file.

165 polve the Sneak (level 5, -1/30 HPs)
             Began as a Kobold Hunter on Aug 8, 2017.
             Killed from afar by an orc wizard (8 damage)
             ... with a magic dart
             ... on level 4 of the Dungeon.
             The game lasted 00:05:43 (3960 turns).

polve the Sneak (Kobold Hunter)                     Turns: 3960, Time: 00:05:44

Health: -1/30      AC:  6    Str: 10    XL:     5   Next: 75%
Magic:  5/5        EV: 15    Int: 12    God:
Gold:   134        SH:  0    Dex: 16    Spells: 4/4 levels left

rFire    . . .     SeeInvis .   a - +2 short sword (speed)
rCold    . . .     Gourm    .   (shield restricted)
rNeg     . . .     Faith    .   c - +0 leather armour
rPois    .         Spirit   .   (no helmet)
rElec    .         Reflect  .   u - +1 cloak
rCorr    .         Harm     .   (no gloves)
MR       .....                  k - +0 pair of boots
Stlth    +++.......             (no amulet)
Regen    0.1/turn               (no ring)
MPRegen  0.1/turn               (no ring)

@: invisible
A: carnivore 3
a: no special abilities


You were on level 4 of the Dungeon.
You were completely stuffed.

You visited 1 branch of the dungeon, and saw 4 of its levels.

You collected 134 gold pieces.

Inventory:

Hand Weapons
 a - a +2 short sword of speed (weapon)
 b - a +1 hand crossbow
 n - a +0 blowgun
Missiles
 d - 37 bolts
 q - 53 poisoned needles
Armour
 c - a +0 leather armour (worn)
 k - a +0 pair of boots (worn)
 m - a scarf of repulsion
 u - a +1 cloak (worn)
Jewellery
 y - a +2 ring of slaying {unknown}
Wands
 A - a wand of digging (8/24)
Scrolls
 e - 3 scrolls of remove curse
 i - a scroll of magic mapping
 l - 2 scrolls of teleportation
 o - a scroll of fear {unknown}
 s - a scroll of noise {unknown}
 z - a scroll of recharging {unknown}
 B - a scroll of amnesia {unknown}
Potions
 j - a potion of ambrosia {unknown}
 p - a potion of lignification {unknown}
 r - a potion of invisibility
 t - a potion of berserk rage {unknown}
 v - a potion of agility {unknown}
 x - a potion of brilliance {unknown}
Comestibles
 f - 2 meat rations
 h - a royal jelly
 w - 3 chunks of flesh


   Skills:
 - Level 2.1 Fighting
 + Level 4.5 Short Blades
 - Level 4.8 Crossbows
 - Level 2.4 Dodging
 + Level 5.2 Stealth


You had 4 spell levels left.
You didn't know any spells.

Dungeon Overview and Level Annotations

Branches:
Dungeon (4/15)
 Temple: D:4-7

Altars:
Ashenzari

Annotations:
D:3 hilaritas's ghost, amateur FoFi


Innate Abilities, Weirdness & Mutations

You are small and have problems with some larger weapons.
You are carnivorous and can eat meat at any time.


Message History

The orc wizard casts a spell at you. The puff of flame misses you.
You hit the orc wizard.
The orc wizard is lightly wounded.
The orc wizard casts a spell at you. The puff of frost hits you!
* * * LOW HITPOINT WARNING * * *
You feel better.
The orc wizard hits you but does no damage.
The orc wizard mumbles some strange words.
The orc wizard flickers and vanishes!
Deactivating autopickup; reactivate with Ctrl-A.
It was a potion of invisibility.
You fade into invisibility!
The orc wizard casts a spell at you. The magic dart hits you!
* * * LOW HITPOINT WARNING * * *
The orc wizard points at you and mumbles some strange words.
The magic dart hits you!
You die...

........####.#<...########
........##......#...).....
........##.#.#############
........##.#.##.. ......
...........#.##.##########
........####...........#
######### ####.######.#
#############.######.#
#......@o{o........#.###
#.###########.####.#....
...oo....# #####
.ooo.....# ...........
.##....#.#.# #....+.....
......#.#.### ...........


You could see an orc wizard and an orc.

Vanquished Creatures
  Crazy Yiuf (D:2)
  2 adders
  5 worms
  2 dart slugs
  3 leopard geckos
  6 orcs (D:3)
  2 giant cockroaches
  9 goblins
  7 hobgoblins
  11 jackals
  2 quokkas
  A ball python (D:1)
  12 bats
  10 frilled lizards
  9 kobolds
  12 rats
94 creatures vanquished.

Notes
Turn   | Place    | Note
-------+----------+-------------------------------------------
     0 | D:1      | polve the Kobold Hunter began the quest for the Orb.
     0 | D:1      | Reached XP level 1. HP: 12/12 MP: 1/1
    16 | D:1      | Reached skill level 1 in Short Blades
    34 | D:1      | Reached skill level 2 in Stealth
    45 | D:1      | Reached XP level 2. HP: 5/17 MP: 2/2
   461 | D:1      | Reached XP level 3. HP: 10/21 MP: 3/3
  1161 | D:2      | Reached skill level 3 in Stealth
  1220 | D:2      | Reached XP level 4. HP: 26/26 MP: 4/4
  1386 | D:2      | Found a runed door.
  2006 | D:2      | Reached skill level 4 in Stealth
  2086 | D:2      | Noticed Crazy Yiuf
  2105 | D:2      | Killed Crazy Yiuf
  2105 | D:2      | Reached XP level 5. HP: 8/30 MP: 5/5
  3245 | D:3      | Noticed hilaritas's ghost (amateur FoFi)
  3516 | D:3      | Reached skill level 5 in Stealth
  3690 | D:3      | Found a shattered altar of Ashenzari.
  3960 | D:4      | Killed from afar by an orc wizard

Skill      XL: |  1  2  3  4  5 |
---------------+----------------+-----
Short Blades   | 1 2 3 4 |  4.5
Stealth        | 2 3 4 5 |  5.2
Fighting       | |  2.1
Crossbows      | |  4.8
Dodging        | |  2.4

Action                   |  1- 3 |  4- 6 || total
-------------------------+-------+-------++-------
Melee: Short sword       |   110 |   180 ||   290
 Fire: Hand crossbow     |     5 |     4 ||     9
  Use: Scroll            |     2 |     1 ||     3
       Potion            |       |     3 ||     3
 Stab: Sleeping          |     4 |     5 ||     9
  Eat: Chunk             |     9 |     9 ||    18
Armor: Leather armour    |    32 |    23 ||    55
Dodge: Dodged            |   112 |    68 ||   180
       Deflected         |     1 |       ||     1
